 Dungeon Crawl Stone Soup version 0.26.1-11-gd32895ea62 (webtiles) character file.

Game seed: 8809820445320829254

53 jlumianski the Caller (level 3, -8/15 HPs)
             Began as a Felid Summoner on May 3, 2021.
             Killed from afar by Sigmund (10 damage)
             ... with a puff of flame
             ... on level 2 of the Dungeon.
             The game lasted 00:17:02 (2614 turns).

jlumianski the Caller (Felid Summoner)              Turns: 2614, Time: 00:17:02

Health: -8/15      AC:  1    Str:  4    XL:     3   Next: 62%
Magic:  2/7        EV: 18    Int: 17    God:
Gold:   225        SH:  0    Dex: 16    Spells: 0/6 levels left
                                        Lives:  0   Deaths: 0

rFire    . . .     SeeInvis +   (weapon unavailable)
rCold    . . .     Faith    .   (shield unavailable)
rNeg     . . .     Spirit   .   (armour unavailable)
rPois    .         Reflect  .   (helmet unavailable)
rElec    .         Harm     .   (cloak unavailable)
rCorr    .         Rampage  .   (gloves unavailable)
Will     .....                  (boots unavailable)
Stlth    +++.......             (no amulet)
HPRegen  0.05/turn              (no ring)
MPRegen  0.10/turn              (no ring)

@: quick
A: very small, no armour, no weapons or thrown items, stealth, claws 1, fangs 3,
see invisible, speed 1, shaggy fur 1, sharp paws
a: no special abilities


You were on level 2 of the Dungeon.
You visited 1 branch of the dungeon, and saw 2 of its levels.

You collected 225 gold pieces.

Inventory:

Jewellery
 b - a cursed amulet of inaccuracy
Scrolls
 a - a scroll of identify
 d - a scroll of immolation {unknown}
 e - a scroll of noise {unknown}
Potions
 c - a potion of experience {unknown}


   Skills:
 + Level 0.4 Fighting
 + Level 3.0 Dodging
 + Level 3.1 Stealth
 + Level 0.7 Unarmed Combat
 + Level 2.4 Spellcasting
 + Level 4.6 Summonings


You couldn't memorise any spells.
You knew the following spells:

 Your Spells              Type           Power        Failure   Level
a - Summon Small Mammal   Summ           68%          2%          1
b - Call Imp              Summ           17%          4%          2
c - Call Canine Familiar  Summ           17%          9%          3

Your spell library contained the following spells:

 Spells                   Type           Power        Failure   Level
 Summon Guardian Golem    Hex/Summ       9%           22%         3
 Summon Ice Beast         Ice/Summ       9%           56%         4
 Summon Lightning Spire   Summ/Air       9%           56%         4


Dungeon Overview and Level Annotations

Branches:
Dungeon (2/15)

Altars:
Gozag

Shops:
D:2 *

Annotations:
D:2 Sigmund


Innate Abilities, Weirdness & Mutations

You cannot wear armour.
You are incapable of wielding weapons or throwing items.
Your paws allow you to move quietly. (Stealth)
You have sharp claws.
You have razor-sharp teeth.
You have supernaturally acute eyesight. (SInv)
You cover ground quickly.
You are covered in fur. (AC +1)
Your sharp claws are effective at attacking unaware monsters.


Message History

Sigmund says, "You will soon forget everything."
Your hound bites Sigmund.
There is a stone staircase leading up here.
Your hound bites Sigmund.
Your hound bites Sigmund.
Your hound completely misses Sigmund.
Sigmund gestures at you while chanting. The magic dart hits you!
Ouch! That really hurt!
Your hound bites Sigmund.
Your hound bites Sigmund.
Sigmund points at you and mumbles some strange words.
The puff of flame hits you.
* * * LOW HITPOINT WARNING * * *
There is a stone staircase leading up here.
Your hound closely misses Sigmund.
Sigmund gestures at you while chanting. The puff of flame hits you!
Ouch! That really hurt!
You die...

#.#.##.#.###........#
#.#..#..............#
###.#..#..............#
#...#.................#
###.#.................#
###....#..............#
#........#...........@##
#....).............[....
#######>.....@..@h.......)....
#........#####.#.##.........##
#......†.......#............#
#........##########.........#
#........# #.........#
#........# #.........#
#........##########.........#
#.................#.........#
#.................#.........#


You could see Sigmund and a friendly hound (summoned).

Vanquished Creatures
  2 dart slugs
  A goblin (D:2)
  2 hobgoblins
  A kobold (D:1)
  3 bats
  A frilled lizard (D:2)
  2 rats (D:1)
12 creatures vanquished.

Vanquished Creatures (collateral kills)
  4 adders (D:2)
  2 leopard geckos
  2 giant cockroaches (D:1)
  5 goblins
  3 hobgoblins
  2 kobolds (D:1)
  2 ball pythons
  2 bats (D:1)
  3 frilled lizards (D:1)
  A rat (D:1)
26 creatures vanquished.

Vanquished Creatures (others)
  5 toadstools (D:2)
5 creatures vanquished.

Grand Total: 43 creatures vanquished

Notes
Turn   | Place    | Note
-------+----------+-------------------------------------------
     0 | D:1      | jlumianski the Felid Summoner began the quest for the Orb.
     0 | D:1      | Reached XP level 1. HP: 7/7 MP: 4/4
   727 | D:1      | Reached XP level 2. HP: 11/11 MP: 3/6
   742 | D:1      | Learned a level 2 spell: Call Imp
  1735 | D:2      | Noticed Sigmund
  1964 | D:2      | Reached XP level 3. HP: 12/14 MP: 3/7
  1968 | D:2      | Learned a level 3 spell: Call Canine Familiar
  2273 | D:2      | Found an opulent altar of Gozag.
  2347 | D:2      | Found Gozag's Platinum Reserve.
  2614 | D:2      | Killed from afar by Sigmund

Illustrated notes

Levels and vault maps discovered:
D:1:      dpeg_arrival_pits, layout_basic
D:2:      layout_basic, minmay_gold_behind_fungi,
          nicolae_gozag_zags_fifth_avenue, uniq_sigmund

Skill      XL: |  1  2 |
---------------+-------+-----
Stealth        | 3 |  3.1
Dodging        | 3 |  3.0
Fighting       | |  0.4
Unarmed Combat | |  0.7
Spellcasting   | |  2.4
Summonings     | |  4.6

Action                   || total
-------------------------++-------
Melee: Unarmed           ||    56
       Bite              ||     5
 Cast: Summon Small Mamm ||    34
       Call Imp          ||    14
       Call Canine Famil ||     6
  Use: Potion            ||     3
       Scroll            ||     1
 Stab: Sleeping          ||     6
       Invisible         ||     1
Armor: Skin              ||     5
Dodge: Dodged            ||    65
